Map: [TLMC15] Hardwire

Players

Spirit (souL) - Winner!

  • Race: Terran Terran
  • League: Master

LiquidMaNa (MaNa)

  • Race: Protoss Protoss
  • League: Grandmaster

VOD

Have the link to the VOD?

Description

Time

  • Played on: Oct. 21, 2021, 8:49 a.m.
  • Length: 9:54
Show
View Real Time Build Order
Export as new Build Order

Spirit Terran - Winner!

Build Orders: Reaper Expand 

Get SALT Encoding   

  12  0:00  SCV  
  13  0:12  SCV  
  14  0:17  Supply Depot  
  14  0:24  SCV  
  15  0:38  SCV  
  15  0:40  Barracks  
  16  0:44  Refinery  
  16  0:50  SCV  
  17  1:02  SCV  
  18  1:14  SCV  
  19  1:27  Reaper, Orbital Command  
  20  1:38  Command Center  
  20  1:49  Supply Depot  
  20  1:53  SCV  
  21  1:59  Marine  
  22  2:05  SCV  
  22  2:07  Bunker  
  23  2:17  Marine  
  23  2:18  SCV  
  23  2:20  Factory  
  25  2:31  Barracks  
  25  2:35  Marine  
  25  2:40  SCV  
  26  2:52  SCV  
  28  3:04  SCV  
  28  3:05  Barracks Reactor, Orbital Command  
  28  3:06  Factory Tech Lab  
  28  3:16  SCV  
  28  3:19  Marine  
  30  3:25  Cyclone  
  30  3:27  Refinery  
  33  3:29  SCV  
  34  3:36  SCV  
  34  3:37  Marine  
  34  3:41  SCV  
  36  3:42  Marine  
  36  3:47  Marine  
  36  3:48  SCV  
  36  3:53  SCV  
  36  3:54  Marine  
  38  3:56  Supply Depot  
  38  4:00  SCV  
  37  4:05  SCV  
  37  4:12  Marine, Barracks Reactor, SCV  
  41  4:17  SCV  
  41  4:21  Engineering Bay  
  42  4:24  SCV  
  42  4:29  SCV  
  44  4:34  Siege Tank  
  44  4:36  Barracks Tech Lab, SCV  
  44  4:41  SCV  
  44  4:43  Supply Depot  
  45  4:48  SCV  
  45  4:49  Missile Turret  
  45  4:51  Barracks  
  46  4:53  Marine x2, SCV  
  46  4:54  Stimpack  
  46  4:55  Marine  
  50  5:00  Supply Depot  
  50  5:01  SCV  
  50  5:05  SCV  
  50  5:07  Siege Tank  
  55  5:10  Refinery  
  55  5:11  Marine  
  55  5:13  SCV  
  57  5:16  Supply Depot  
  57  5:17  SCV  
  57  5:18  Marine, Supply Depot  
  59  5:22  Marine  
  59  5:25  SCV  
  61  5:30  Starport, SCV  
  62  5:37  SCV  
  62  5:41  Siege Tank  
  62  5:42  SCV  
  67  5:47  Barracks Tech Lab  
  67  5:49  Marine x2, SCV, Refinery  
  70  5:54  SCV  
  70  5:56  Marauder  
  72  6:01  Terran Infantry Weapons Level 1, SCV  
  73  6:04  Supply Depot  
  73  6:05  Supply Depot  
  73  6:06  SCV  
  73  6:07  Marine  
  73  6:08  Marauder  
  76  6:14  Combat Shield  
  76  6:20  Starport Reactor  
  76  6:23  Command Center  
  76  6:24  Marine x2  
  78  6:25  Marine  
  78  6:27  SCV  
  78  6:30  Factory Reactor  
  80  6:37  Marauder, Concussive Shells  
  80  6:38  Supply Depot, SCV  
  83  6:42  Marine  
  83  6:43  SCV  
  85  6:49  Marine, Marauder  
  85  6:50  Barracks  
  88  6:57  Medivac, Supply Depot, Barracks  
  88  6:58  Medivac  
  92  7:03  Marine, Marauder  
  92  7:05  SCV x2  
  97  7:11  Marine  
  97  7:12  Marauder  
  100  7:17  SCV x2  
  100  7:18  Supply Depot  
  100  7:19  Supply Depot, Widow Mine  
  100  7:21  Marine  
  107  7:22  Widow Mine  
  107  7:27  Medivac  
  107  7:28  Medivac  
  107  7:29  Marine  
  112  7:30  Marauder  
  112  7:33  Marine, SCV x2  
  116  7:44  Barracks Reactor  
  116  7:45  Marine, Marauder, SCV x2  
  121  7:55  Widow Mine  
  121  7:56  Medivac, Widow Mine  
  121  7:57  Medivac, SCV x2  
  131  8:03  Missile Turret  
  131  8:06  Marine, Marauder  
  131  8:09  SCV x2, Orbital Command  
  135  8:19  Widow Mine  
  137  8:21  Marine, SCV  
  137  8:22  Marauder  
  137  8:26  Medivac  
  143  8:27  Medivac  
  143  8:28  Marauder, Supply Depot  
  143  8:33  Ghost Academy  
  143  8:34  Marine, Refinery  
  147  8:35  Marine  
  147  8:40  Marine  
  149  8:49  Marine x2  
  149  8:50  Widow Mine  
  149  8:53  Marine  
  156  8:57  Widow Mine  
  157  9:11  Widow Mine  
  157  9:14  Medivac  
  157  9:15  Marine, Ghost x2  
  157  9:16  Marine x2  
  157  9:17  Supply Depot  
  155  9:18  Supply Depot, Widow Mine  
  155  9:22  Marine  
  155  9:23  Marine  
  141  9:33  Marine  
  141  9:34  Marine x2  
  141  9:36  Supply Depot, Refinery  
Show
View Real Time Build Order
Export as new Build Order

LiquidMaNa Protoss 

Build Orders:  

Get SALT Encoding   

  12  0:00  Probe  
  13  0:12  Probe  
  14  0:18  Pylon  
  14  0:24  Probe (Chrono Boost)  
  15  0:36  Probe (Chrono Boost)  
  15  0:37  Gateway  
  16  0:45  Probe (Chrono Boost)  
  17  0:51  Probe, Pylon  
  17  0:56  Assimilator  
  18  1:03  Probe  
  19  1:12  Gateway  
  19  1:15  Probe  
  20  1:25  Cybernetics Core  
  20  1:27  Probe  
  21  1:32  Assimilator  
  21  1:39  Probe  
  22  1:51  Probe  
  23  1:59  Adept (Chrono Boost)  
  23  2:02  Warp Gate  
  23  2:03  Probe  
  28  2:08  Adept (Chrono Boost)  
  28  2:11  Pylon  
  29  2:15  Probe  
  29  2:21  Adept  
  31  2:37  Probe  
  34  2:46  Adept (Chrono Boost)  
  35  2:52  Adept (Chrono Boost)  
  35  2:57  Nexus  
  34  3:05  Probe  
  36  3:21  Adept  
  36  3:23  Adept  
  36  3:25  Twilight Council  
  39  3:31  Pylon  
  37  3:47  Probe  
  38  3:51  Robotics Facility  
  38  3:59  Probe  
  37  4:03  Blink (Chrono Boost)  
  37  4:11  Probe  
  37  4:14  Probe  
  37  4:15  Stalker  
  41  4:19  Stalker  
  41  4:23  Probe  
  38  4:26  Probe  
  39  4:35  Probe (Chrono Boost)  
  40  4:38  Probe (Chrono Boost)  
  40  4:41  Observer  
  43  4:45  Stalker x2  
  43  4:47  Probe (Chrono Boost)  
  43  4:49  Probe (Chrono Boost)  
  48  4:52  Probe (Chrono Boost)  
  48  4:53  Pylon  
  48  4:54  Probe (Chrono Boost)  
  50  5:01  Probe  
  50  5:05  Probe  
  52  5:08  Stalker x2  
  52  5:13  Probe  
  57  5:19  Probe  
  58  5:25  Nexus  
  59  5:28  Observer  
  59  5:31  Assimilator  
  59  5:34  Assimilator  
  60  5:35  Probe x2  
  60  5:39  Templar Archives  
  61  5:47  Probe  
  61  5:48  Probe  
  63  5:57  Warp Prism  
  63  5:59  Probe, Charge  
  63  6:00  Probe  
  67  6:06  Psionic Storm  
  67  6:12  Probe x2  
  67  6:20  Gateway x2  
  67  6:24  Probe  
  68  6:26  Gateway  
  68  6:33  Probe  
  68  6:36  Probe  
  68  6:37  Pylon  
  70  6:42  High Templar x2  
  70  6:44  Pylon  
  70  6:45  Probe  
  70  6:46  Probe  
  76  6:48  Probe, Immortal (Chrono Boost)  
  81  6:57  Probe  
  81  6:58  Probe  
  84  7:01  Probe  
  84  7:05  Gateway  
  84  7:07  Gateway  
  84  7:09  Probe  
  85  7:20  Zealot x3, Immortal  
  85  7:21  Zealot  
  85  7:22  High Templar  
  99  7:28  Shield Battery  
  99  7:35  Pylon  
  99  7:37  Pylon  
  99  7:38  Pylon  
  99  7:49  Observer, Assimilator  
  99  7:50  Pylon, Assimilator  
  99  7:52  Shield Battery  
  99  7:53  Probe x2  
  101  7:59  Immortal  
  101  8:03  Forge x2  
  105  8:06  Robotics Bay, Robotics Facility  
  105  8:07  Probe  
  105  8:08  Probe  
  105  8:11  Observer  
  105  8:13  Probe  
  105  8:19  Probe  
  107  8:25  Stalker x4  
  107  8:26  Stalker  
  117  8:30  Sentry  
  119  8:36  Pylon x2  
  119  8:54  Disruptor  
  122  8:57  Disruptor  
  122  8:58  Probe x2  
  127  9:04  Zealot x2  
  127  9:05  Zealot  
  123  9:24  Zealot x3  
  109  9:29  High Templar x3  
  110  9:49  Nexus  
  110  9:52  Gateway  
Tags
 
Add a new tag
Caveats
  • Supply blocks, unpowered buildings, or Contaminate may cause inaccurate times.
  • Supply counts are checked every 10 seconds.